Map: Thunderbird LE

Players

Erik - Winner!

  • Race: Zerg Zerg
  • Spawn Location: 11:00

SaLemandr

  • Race: Terran Terran
  • Spawn Location: 5:00

Event: 2019 WCS Summer

VOD

Have the link to the VOD?

Description

Time

  • Played on: July 12, 2019, 7:13 a.m.
  • Length: 6:28

All games in this series

Show
View Real Time Build Order
Export as new Build Order

Erik Zerg - Winner!

Build Orders: Pool First 

Get SALT Encoding   

  12  0:00  Drone  
  13  0:08  Drone  
  14  0:15  Drone, Extractor  
  15  0:21  Overlord  
  15  0:37  Spawning Pool  
  15  0:40  Drone  
  15  0:44  Drone  
  15  0:47  Drone  
  17  0:50  Extractor  
  17  0:55  Drone  
  17  1:14  Hatchery  
  16  1:24  Zergling x4  
  18  1:32  Queen  
  20  1:40  Overlord  
  20  1:46  Drone  
  21  1:50  Drone  
  22  1:56  Metabolic Boost  
  22  2:00  Drone  
  23  2:10  Queen  
  23  2:14  Drone  
  26  2:23  Drone  
  26  2:27  Drone  
  28  2:32  Drone  
  29  2:37  Drone  
  30  2:46  Drone x2  
  30  2:50  Drone x3  
  35  2:58  Spore Crawler  
  35  3:00  Drone  
  36  3:05  Overlord  
  35  3:18  Hatchery  
  34  3:23  Queen  
  34  3:26  Zergling x6  
  39  3:27  Drone x4  
  39  3:33  Overlord  
  43  3:42  Drone, Roach Warren  
  43  3:43  Extractor  
  43  3:45  Drone x2  
  44  3:51  Overlord  
  44  3:53  Drone x5  
  44  3:54  Extractor  
  48  4:01  Queen  
  50  4:04  Zergling x4  
  52  4:12  Zergling x2  
  52  4:13  Zergling x2  
  54  4:23  Overlord  
  53  4:29  Roach x4  
  61  4:36  Overlord  
  61  4:38  Overlord x2  
  61  4:42  Roach x2  
  65  4:48  Overlord  
  65  4:59  Roach x7  
  74  5:09  Zergling x6  
  74  5:10  Ravager  
  74  5:11  Ravager x3  
  81  5:14  Zergling x2  
  81  5:15  Zergling x6  
  85  5:23  Zergling x4  
  87  5:28  Queen  
  87  5:29  Lair  
  87  5:38  Zergling x2  
  87  5:39  Zergling x8  
  92  5:52  Zergling x12  
  95  5:58  Overlord x2  
  95  6:00  Ravager x2  
  97  6:11  Zergling x2  
Show
View Real Time Build Order
Export as new Build Order

SaLemandr Terran 

Build Orders: Liberator Opening, Reaper Expand 

Get SALT Encoding   

  12  0:00  SCV  
  13  0:12  SCV  
  14  0:16  Supply Depot  
  14  0:24  SCV  
  15  0:38  SCV  
  15  0:40  Barracks  
  16  0:43  Refinery  
  16  0:50  SCV  
  17  1:02  SCV  
  18  1:14  SCV  
  19  1:27  Orbital Command, Reaper  
  20  1:50  Command Center  
  19  1:54  SCV  
  19  1:59  Marine  
  21  2:02  Supply Depot  
  21  2:06  SCV  
  22  2:10  Factory  
  22  2:18  SCV  
  22  2:20  Barracks Reactor  
  23  2:23  Refinery  
  23  2:30  SCV  
  24  2:42  SCV  
  25  3:05  Orbital Command  
  25  3:07  SCV, Starport  
  25  3:10  Barracks Tech Lab  
  25  3:11  Hellion x2  
  30  3:19  SCV  
  31  3:31  Marine  
  31  3:32  Stimpack  
  32  3:35  Hellion x2  
  32  3:37  SCV  
  37  3:44  Viking  
  37  3:45  Orbital Command  
  39  3:48  Marine  
  39  3:49  SCV  
  41  3:58  Liberator  
  41  4:01  SCV  
  41  4:02  Hellion x2  
  46  4:08  Supply Depot  
  46  4:12  Marine  
  46  4:13  SCV x2  
  52  4:25  SCV  
  52  4:27  SCV  
  52  4:30  Marine  
  55  4:34  Hellion x2  
  55  4:36  Supply Depot  
  55  4:37  SCV  
  60  4:39  SCV  
  61  4:48  Marine  
  62  4:57  SCV  
  62  4:59  Supply Depot  
  59  5:07  Bunker, Marine  
  57  5:18  Factory Tech Lab, SCV  
  57  5:19  Barracks, Command Center, SCV  
  59  5:22  Barracks  
  59  5:25  Supply Depot  
  59  5:28  Starport Reactor  
  59  5:30  SCV  
  60  5:36  Marine  
  60  5:42  SCV  
  62  5:47  SCV  
  62  5:49  Siege Tank  
  66  5:56  Marine  
  58  5:59  Engineering Bay, SCV  
  58  6:00  Engineering Bay  
  55  6:08  SCV  
Tags
 
Add a new tag
Caveats
  • Supply blocks, unpowered buildings, or Contaminate may cause inaccurate times.
  • Supply counts are checked every 10 seconds.